 Dungeon Crawl Stone Soup version 0.21.1-1-g345015f (webtiles) character file.

159 sking99 the Ruffian (level 5, -2/53 HPs)
             Began as an Ogre Transmuter on June 20, 2018.
             Killed from afar by Natasha (6 damage)
             ... with a magic dart
             ... on level 1 of the Dungeon.
             The game lasted 00:16:42 (3186 turns).

sking99 the Ruffian (Ogre Transmuter)               Turns: 3186, Time: 00:16:43

Health: -2/53      AC:  3    Str: 14    XL:     5   Next: 40%
Magic:  2/9        EV: 10    Int: 15    God:
Gold:   42         SH:  0    Dex:  9    Spells: 4/10 levels left

rFire    . . .     SeeInvis .     - Unarmed
rCold    . . .     Gourm    .   (no shield)
rNeg     . . .     Faith    .   b - +0 robe
rPois    .         Spirit   .   (helmet restricted)
rElec    .         Reflect  .   (no cloak)
rCorr    .         Harm     .   (gloves unavailable)
MR       .....                  (boots unavailable)
Stlth    +.........             (no amulet)
HPRegen  0.17/turn              (no ring)
MPRegen  0.11/turn              (no ring)

@: lethally poisoned (-2 -> -7), very slightly contaminated, slowed, very slow
A: large, unfitting armour, tough skin 1
a: no special abilities


You were on level 1 of the Dungeon.
You were not hungry.

You visited 1 branch of the dungeon, and saw 2 of its levels.

You collected 42 gold pieces.

Inventory:

Missiles
 a - 23 arrows
Armour
 b - a +0 robe (worn)
Jewellery
 j - an uncursed ring of magical power {unknown}
Scrolls
 f - 3 scrolls of identify {unknown}
 h - 2 scrolls of remove curse {unknown}
 k - a scroll of immolation {unknown}
Potions
 e - a potion of mutation {unknown}
 g - a potion of flight {unknown}
Books
 c - a book of Changes

   Spells                             Type                      Level
   a - Beastly Appendage              Transmutation                1
   b - Sticks to Snakes               Transmutation                2
   c - Spider Form                    Transmutation/Poison         3
   d - Ice Form                       Ice/Transmutation            4
   e - Blade Hands                    Transmutation                5
Comestibles
 d - 4 rations


   Skills:
 + Level 3.1 Fighting
 + Level 2.7 Dodging
 + Level 3.4 Unarmed Combat
 - Level 3.1 Spellcasting
 - Level 2.3 Transmutations
 - Level 1.2 Poison Magic


You had 4 spell levels left.
You knew the following spells:

 Your Spells              Type           Power        Failure   Level  Hunger
a - Beastly Appendage     Tmut           #.....       8%          1    #......
b - Sticks to Snakes      Tmut           #.......     11%         2    ##.....
c - Spider Form           Tmut/Pois      #.........   28%         3    ###....


Dungeon Overview and Level Annotations

Branches:
Dungeon (2/15)

Altars:

Annotations:
D:1 Natasha
D:2 Sigmund


Innate Abilities, Weirdness & Mutations

You are too large for most types of armour.
You have tough skin. (AC +1)


Message History

Your ball python closely misses Natasha.
Natasha mumbles some strange words.
Your ball python bites Natasha.
Your ball python barely misses Natasha.
Natasha claws your ball python!
Your ball python dies!
Your ball python bites Natasha but does no damage.
Your ball python grabs Natasha.
Your ball python constricts Natasha.
Natasha casts a spell at you. You resist with some effort.
Casting: Sticks to Snakes
Confirm with . or Enter, or press ? or * to list all spells.
You miscast Spider Form.
You are very lightly contaminated with residual magic.
You are lethally poisoned!
You feel sick.
* * * LOW HITPOINT WARNING * * *
You feel sick. Natasha casts a spell at you. The magic dart hits you!
You die...

#### ########### ...####
#.........# ##....#
#......@..# ..#####
#......5..#
..########........>########
..................Sh......#
..########........#####.#.#
..# #.............(#.# ..#
#........#.###)#.# ..#
#........#.# #.#.# ..#
#........#.###.#.#


You could see Natasha, a shadow imp and a friendly ball python.

Vanquished Creatures
  An orc priest (D:2)
  Natasha (D:2)
  3 adders (D:2)
  2 worms
  5 dart slugs
  4 orcs (D:2)
  5 bats
  A giant cockroach (D:1)
  6 goblins
  3 hobgoblins (D:1)
  8 kobolds
  A quokka (D:2)
  3 frilled lizards
  4 rats
47 creatures vanquished.

Vanquished Creatures (collateral kills)
  Natasha (D:2)
  A leopard gecko (D:1)
2 creatures vanquished.

Grand Total: 49 creatures vanquished

Notes
Turn   | Place    | Note
-------+----------+-------------------------------------------
     0 | D:1      | sking99 the Ogre Transmuter began the quest for the Orb.
     0 | D:1      | Reached XP level 1. HP: 19/19 MP: 3/3
   481 | D:1      | Reached XP level 2. HP: 27/28 MP: 5/5
  1220 | D:1      | Learned a level 2 spell: Sticks to Snakes
  1258 | D:1      | Reached XP level 3. HP: 23/36 MP: 1/6
  1382 | D:1      | Learned a level 3 spell: Spider Form
  2144 | D:2      | Reached XP level 4. HP: 33/44 MP: 1/8
  2159 | D:2      | Reached skill level 1 in Poison Magic
  2475 | D:2      | Noticed Sigmund
  2692 | D:2      | Noticed Natasha
  2796 | D:2      | Killed Natasha
  2796 | D:2      | Reached XP level 5. HP: 47/52 MP: 5/9
  2969 | D:2      | Noticed Natasha
  2983 | D:2      | Killed Natasha
  3136 | D:2      | Noticed Natasha
  3186 | D:1      | Killed from afar by Natasha

Skill      XL: |  1  2  3  4  5 |
---------------+----------------+-----
Dodging        | 2 |  2.7
Unarmed Combat | 3 |  3.4
Fighting       | 2 3 |  3.1
Transmutations | 2 |  2.3
Spellcasting   | 3 |  3.1
Poison Magic   | 1 |  1.2

Action                   |  1- 3 |  4- 6 || total
-------------------------+-------+-------++-------
Melee: Unarmed           |   156 |    57 ||   213
       Punch             |     2 |     1 ||     3
 Cast: Sticks to Snakes  |     4 |     5 ||     9
       Spider Form       |     4 |     5 ||     9
 Stab: Distracted        |       |     1 ||     1
  Eat: Ration            |     1 |     1 ||     2
       Chunk             |     1 |     2 ||     3
Armor: Robe              |    45 |    11 ||    56
       Skin              |     1 |     4 ||     5
Dodge: Dodged            |    82 |    70 ||   152
